 Dungeon Crawl Stone Soup version 0.20.0-4-g10b340a (webtiles) character file.

253 Gorglomux the Insei (level 6, -3/43 HPs)
             Began as a Merfolk Transmuter on May 27, 2017.
             Killed by divine providence
             ... invoked by an orc priest
              (13 damage)
             ... on level 3 of the Dungeon.
             The game lasted 00:03:46 (2036 turns).

Gorglomux the Insei (Merfolk Transmuter)            Turns: 2036, Time: 00:03:47

Health: -3/43      AC:  4    Str:  8    XL:     6   Next: 14%
Magic:  9/9        EV: 12    Int: 15    God:
Gold:   151        SH:  0    Dex: 14    Spells: 6/9 levels left

rFire    . . .     SeeInvis .     - Unarmed
rCold    . . .     Gourm    .   (no shield)
rNeg     . . .     Faith    .   n - +0 troll leather armour
rPois    .         Spirit   .   (no helmet)
rElec    .         Reflect  .   (no cloak)
rCorr    .         Harm     .   (no gloves)
MR       .....                  (no boots)
Stlth    +.........             (no amulet)
Regen    0.6/turn               g - -2 ring of strength (curse)
MPRegen  0.2/turn               (no ring)

@: no status effects
A: change form in water, swift swim, stealthy swim
a: no special abilities


You were on level 3 of the Dungeon.
You were not hungry.

You visited 1 branch of the dungeon, and saw 3 of its levels.

You collected 151 gold pieces.

Inventory:

Missiles
 a - 35 arrows
Armour
 b - a +0 robe
 n - a +0 troll leather armour (worn)
Jewellery
 g - a cursed -2 ring of strength (left hand)
 R - an uncursed amulet of faith {unknown}
Scrolls
 i - 3 scrolls of identify {unknown}
 j - 5 scrolls of teleportation {unknown}
 o - 2 scrolls of noise {unknown}
 q - a scroll of fear {unknown}
 A - 2 scrolls of remove curse {unknown}
Potions
 e - a potion of invisibility {unknown}
 k - a potion of agility {unknown}
 l - 3 potions of haste
 m - a potion of brilliance {unknown}
 p - a potion of resistance {unknown}
 Q - a potion of curing
Books
 c - a book of Changes

   Spells                             Type                      Level
   a - Beastly Appendage              Transmutation                1
   b - Sticks to Snakes               Transmutation                2
   c - Spider Form                    Transmutation/Poison         3
   d - Ice Form                       Ice/Transmutation            4
   e - Blade Hands                    Transmutation                5
Comestibles
 d - 3 bread rations
 z - a meat ration
 B - a royal jelly
 C - 13 chunks of flesh


   Skills:
 - Level 1.1 Fighting
 - Level 2.6 Dodging
 + Level 7.3 Unarmed Combat
 - Level 2.0 Spellcasting
 - Level 2.6 Transmutations


You had 6 spell levels left.
You knew the following spells:

 Your Spells              Type           Power        Failure   Level  Hunger
a - Beastly Appendage     Tmut           #.....       11%         1    #......
b - Sticks to Snakes      Tmut           #.......     16%         2    ###....


Dungeon Overview and Level Annotations

Branches:
Dungeon (3/15)

Altars:
Xom


Message History

You hit the orc priest.
The orc priest is moderately wounded.
Unknown command.
You hit the orc priest.
The orc priest is heavily wounded.
The orc priest calls down the wrath of Beogh upon you.
Beogh smites you!
You hit the orc priest but do no damage.
The orc priest is heavily wounded.
The bullfrog zombie hits you.
* * * LOW HITPOINT WARNING * * *
The orc priest hits you with a flail.
* * * LOW HITPOINT WARNING * * *
The bullfrog zombie hits you.
* * * LOW HITPOINT WARNING * * *
The orc priest looks braver for a moment.
Your horns disappear.
The orc priest mumbles some strange prayers to Beogh against you.
Beogh smites you!
You die...

...# #..# #..## #...
#... .#####..# ..
........# #.# #@# # #.#
##o## .## .# #.#
###.#.##...### .# #.#
#.o###.)...(.# ##
#.########.#.#.##...#.#
####.##.........o## <##
........#####.#### #
####.#### #)# ###..#
#.#


You could see an orc priest and an orc.

Vanquished Creatures
  2 orc wizards
  Jessica (D:2)
  Terence (D:2)
  Natasha (thrice) (D:2)
  An adder (D:3)
  An ooze (D:1)
  A worm (D:2)
  2 dart slugs (D:1)
  2 leopard geckos (D:2)
  2 orcs (D:3)
  A giant cockroach (D:3)
  3 goblins
  4 hobgoblins
  4 jackals (D:3)
  5 kobolds
  6 bats
  4 frilled lizards
  13 rats
56 creatures vanquished.

Notes
Turn   | Place    | Note
-------+----------+-------------------------------------------
     0 | D:1      | Gorglomux the Merfolk Transmuter began the quest for the Orb.
     0 | D:1      | Reached XP level 1. HP: 15/15 MP: 3/3
   126 | D:1      | Reached XP level 2. HP: 12/21 MP: 1/5
   213 | D:1      | Reached skill level 4 in Unarmed Combat
   442 | D:1      | You fall through a shaft!
   442 | D:2      | Noticed Jessica
   448 | D:2      | Noticed Terence
   451 | D:2      | Killed Jessica
   451 | D:2      | Reached skill level 5 in Unarmed Combat
   451 | D:2      | Reached XP level 3. HP: 17/26 MP: 2/6
   498 | D:2      | Killed Terence
   498 | D:2      | Reached XP level 4. HP: 20/32 MP: 7/7
   509 | D:2      | Learned a level 2 spell: Sticks to Snakes
  1024 | D:2      | Found a shimmering altar of Xom.
  1074 | D:2      | Noticed Natasha
  1082 | D:2      | Killed Natasha
  1082 | D:2      | Reached skill level 6 in Unarmed Combat
  1121 | D:2      | Noticed Natasha
  1128 | D:2      | Killed Natasha
  1128 | D:2      | Reached XP level 5. HP: 34/37 MP: 6/8
  1334 | D:2      | Noticed Natasha
  1346 | D:2      | Killed Natasha
  1810 | D:2      | Reached skill level 7 in Unarmed Combat
  1903 | D:3      | Reached XP level 6. HP: 36/43 MP: 9/9
  2036 | D:3      | Killed from afar by an orc priest

Skill      XL: |  1  2  3  4  5 |
---------------+----------------+-----
Unarmed Combat | 5 6 7 |  7.3
Fighting       | |  1.1
Dodging        | |  2.6
Spellcasting   | |  2.0
Transmutations | |  2.6

Action                   |  1- 3 |  4- 6 || total
-------------------------+-------+-------++-------
Melee: Unarmed           |    69 |   123 ||   192
       Headbutt          |    13 |     3 ||    16
       Punch             |       |     2 ||     2
 Cast: Beastly Appendage |    17 |    24 ||    41
       Sticks to Snakes  |       |     1 ||     1
  Use: Potion            |       |     1 ||     1
 Stab: Sleeping          |     2 |     1 ||     3
  Eat: Chunk             |       |     5 ||     5
Armor: Robe              |     6 |       ||     6
       Troll leather arm |    13 |    23 ||    36
Dodge: Dodged            |    56 |    69 ||   125
